 Dungeon Crawl Stone Soup version 0.26.0-10-g1f06aea511 (webtiles) character file.

Game seed: 6038346546933992321

82 Borgoz the Slasher (level 4, 0/37 HPs)
             Began as a Ghoul Gladiator on Jan 15, 2021.
             Was an Initiate of Okawaru.
             Slain by a kobold (2 damage)
             ... on level 2 of the Dungeon.
             The game lasted 00:02:00 (1629 turns).

Borgoz the Slasher (Ghoul Gladiator)                Turns: 1629, Time: 00:02:00

Health: 0/37       AC:  4    Str: 17    XL:     4   Next: 43%
Magic:  3/3        EV: 13    Int: -1    God:    Okawaru [......]
Gold:   61         SH:  0    Dex: 11    Spells: 3/3 levels left

rFire    . . .     SeeInvis .   a - +0 long sword
rCold    + . .     Faith    .   (no shield)
rNeg     + + +     Spirit   .   b - +0 leather armour
rPois    ∞         Reflect  .   c - +0 helmet
rElec    .         Harm     .   (no cloak)
rCorr    .         Rampage  .   (no gloves)
Will     .....                  (no boots)
Stlth    +.........             (no amulet)
HPRegen  0.00/turn              (no ring)
MPRegen  0.08/turn              h - -4 ring of intelligence (curse)

@: slowed, lost intelligence, very slow
A: claws 1, cold resistance 1, negative energy resistance 3, inhibited
regeneration, torment resistance, unbreathing
a: Renounce Religion


You were on level 2 of the Dungeon.
You worshipped Okawaru.
Okawaru was noncommittal.
You visited 1 branch of the dungeon, and saw 2 of its levels.

You collected 61 gold pieces.

Inventory:

Hand Weapons
 a - a +0 long sword (weapon)
Missiles
 d - 3 throwing nets (quivered)
Armour
 b - a +0 leather armour (worn)
 c - a +0 helmet (worn)
Jewellery
 h - a cursed -4 ring of intelligence (right claw)
 j - an uncursed ring of flight
Scrolls
 e - a scroll of identify
 g - 2 scrolls of teleportation
Potions
 i - 2 potions of curing
 k - a potion of haste {unknown}


   Skills:
 + Level 2.8 Fighting
 * Level 3.4 Long Blades
 - Level 1.7 Throwing
 + Level 1.1 Armour
 * Level 3.4 Dodging


You had 3 spell levels left.
You didn't know any spells.
Your spell library was empty.

Dungeon Overview and Level Annotations

Branches:
Dungeon (2/15)

Altars:
Okawaru


Innate Abilities, Weirdness & Mutations

You thrive by killing the living.
You are immune to poison.
You have sharp fingernails.
Your flesh is cold resistant. (rC+)
You are immune to negative energy. (rN+++)
You do not regenerate when monsters are visible.
You are immune to unholy pain and torment.
You can survive without breathing.


Message History

You closely miss the adder.
The adder is almost dead.
The adder misses you. The adder barely misses you.
You riposte.
You closely miss the adder.
The adder is almost dead.
You slash the adder!
You kill the adder!
Okawaru accepts your kill. The kobold hits you.
* * * LOW HITPOINT WARNING * * *
The gnoll barely misses you.
You barely miss the kobold. The kobold misses you.
You riposte.
You closely miss the kobold.
The gnoll hits you from afar with a +0 spear.
* * * LOW HITPOINT WARNING * * *
The kobold misses you.
You riposte.
You closely miss the kobold.
The gnoll hits you from afar with a +0 spear.
* * * LOW HITPOINT WARNING * * *
You hit the kobold but do no damage. The kobold hits you.
You die...

#.# #.# #.# #.# ... #.#
#.# #@# #K# #g# #######
#######g#######.....###
.......g.)....'........
#######.#######.....###
#'# ####### ....g..††#
.........#


You could see 3 gnolls and a kobold.

Vanquished Creatures
  2 adders (D:2)
  An ooze (D:1)
  A worm (D:2)
  A dart slug (D:1)
  3 leopard geckos
  3 bats
  5 giant cockroaches
  3 goblins
  8 hobgoblins
  7 jackals
  4 frilled lizards
  4 kobolds (D:1)
  7 rats (D:1)
49 creatures vanquished.

Notes
Turn   | Place    | Note
-------+----------+-------------------------------------------
     0 | D:1      | Borgoz the Ghoul Gladiator began the quest for the Orb.
     0 | D:1      | Reached XP level 1. HP: 17/17 MP: 0/0
   186 | D:1      | Reached XP level 2. HP: 25/25 MP: 1/1
   406 | D:1      | Reached XP level 3. HP: 30/30 MP: 2/2
   723 | D:1      | Found an iron altar of Okawaru.
   737 | D:1      | Became a worshipper of Warmaster Okawaru
  1029 | D:2      | Reached skill level 1 in Armour
  1152 | D:2      | Reached XP level 4. HP: 37/37 MP: 3/3
  1542 | D:2      | Lost intelligence.
  1629 | D:2      | Slain by a kobold

Illustrated notes

Levels and vault maps discovered:
D:1:      dpeg_arrival_solitude, layout_basic, okawaru_ov_weapons_minmay
D:2:      layout_basic

Skill      XL: |  1  2  3 |
---------------+----------+-----
Long Blades    | 3 |  3.4
Dodging        | 3 |  3.4
Armour         | 1 |  1.1
Fighting       | |  2.8
Throwing       | |  1.7

Action                   |  1- 3 |  4- 6 || total
-------------------------+-------+-------++-------
Melee: Long sword        |    89 |    44 ||   133
  Use: Scroll            |       |     3 ||     3
Armor: Leather armour    |    21 |    26 ||    47
Dodge: Dodged            |    67 |    70 ||   137
       Rpst.: Long sword |    20 |    27 ||    47
